 Dungeon Crawl Stone Soup version 0.31-a0-217-g58bb5d79cf (webtiles) character file.

Game seed: 1748306675900675504

105 qw the Chopper (level 4, -1/28 HPs)
             Began as a Gargoyle Fighter on July 2, 2023.
             Slain by Pargi (2 damage)
             ... on level 3 of the Dungeon.
             The game lasted 00:00:52 (1843 turns).

qw the Chopper (Gargoyle Fighter)                   Turns: 1843, Time: 00:00:53

Health: -1/28      AC: 13    Str: 22    XL:     4   Next: 81%
Magic:  4/4        EV:  8    Int:  8    God:
Gold:   139        SH:  4    Dex:  9    Spells: 3/3 levels left

rFire   . . .        Y - +0 war axe
rCold   . . .        c - +0 buckler
rNeg    + . .        f - +0 chain mail
rPois   inf          (no helmet)
rElec   +            g - +0 cloak
rCorr   .            (no gloves)
SInv    .            (no boots)
Will    .....        (no amulet) Stlth
                     (no ring)
HPRegen 0.24/turn    (no ring)
MPRegen 0.09/turn

%: no passive effects
@: no status effects
A: sickness immunity, AC +3, negative energy resistance 1, electricity
resistance, torment resistance 1, petrification resistance
a: no special abilities


You were on level 3 of the Dungeon.
You visited 1 branch of the dungeon, and saw 3 of its levels.

You collected 139 gold pieces.


Innate Abilities, Weirdness & Mutations

You are immune to sickness and miasma.
Your stone body is resilient. (AC +3)
You are immune to poison.
You resist negative energy. (rN+)
You are resistant to electric shocks. (rElec)
You are resistant to unholy torment.
You are immune to petrification.


   Skills:
 - Level 3.2 Fighting
 + Level 4.4 Axes
 - Level 3.2 Armour
 - Level 3.2 Shields


You had 3 spell levels left.
You didn't know any spells.
Your spell library was empty.

Inventory:

Hand Weapons
 a - a +0 whip of venom
 Y - a +0 war axe (weapon)
Missiles
 h - a boomerang (quivered)
Armour
 c - a +0 buckler (worn)
 f - a +0 chain mail (worn)
 g - a +0 cloak (worn)
Potions
 b - a potion of enlightenment {unknown}
 d - a potion of might

Dungeon Overview and Level Annotations

Branches:
Dungeon (3/15)

Altars:

Annotations:
D:1 1 runed translucent door
D:2 1 runed translucent door, Crazy Yiuf
D:3 Natasha, Pargi


Message History

You kill the ball python!
You slash the cerulean imp!
You hit the cerulean imp but do no damage.
You hit Pargi. The cerulean imp completely misses you.
The cerulean imp hits you but does no damage.
Pargi barely misses you. x2; Pargi claws you but does no damage.
The cerulean imp hits you with a +1 spear.
The cerulean imp hits you but does no damage.
You slash the cerulean imp!
You kill the cerulean imp!
The cerulean imp disappears in a puff of smoke!
You hit the cerulean imp but do no damage.
You barely miss Pargi. Pargi closely misses you.
Pargi claws you but does no damage. You block Pargi's attack.
You block the cerulean imp's attack.
The cerulean imp hits you but does no damage.
Pargi bites you but does no damage. Pargi claws you but does no damage. x2
The goblin hits you but does no damage.
You completely miss Pargi.
Pargi is moderately wounded.
You hit the cerulean imp but do no damage.
You hit the goblin. You barely miss the ball python.
The ball python bites you but does no damage.
The ball python grabs you. The ball python constricts you.
The cerulean imp hits you with a +1 spear.
The cerulean imp barely misses you. The ball python barely misses you.
The ball python constricts you. Pargi closely misses you.
Pargi claws you but does no damage. Pargi barely misses you.
You block the goblin's attack.
The cerulean imp hits you with a +1 spear.
You hit the ball python.
You kill the ball python!
You slash the goblin!
You kill the goblin!
You closely miss the cerulean imp. You barely miss Pargi.
The cerulean imp disappears in a puff of smoke!
Natasha casts a spell.
Pargi bites you.
You die...

o. ... .#.#
#.#.# .
.......... ..
#.#.#.#.# ##.
........... .#
#.#.#.#.#.#.>#
......)....#
.#.#.#)#<#.##
......5@....#
.#.#.#T#)#.#..#
5.h.ยค.... ..
#.#.#.#.#.>
..............
#.# #.#.# #...#
... ....# ....
#. #. .# ..


You could see Pargi, Natasha and 2 cerulean imps.

Vanquished Creatures
  A gnoll (D:3)
  2 adders (D:2)
  2 worms
  2 dart slugs (D:1)
  5 orcs (D:3)
  4 endoplasms
  5 giant cockroaches
  2 goblins
  7 hobgoblins
  8 jackals
  2 kobolds
  A quokka (D:2)
  9 ball pythons
  4 bats
  2 frilled lizards (D:2)
  3 rats
59 creatures vanquished.

Notes
Turn   | Place    | Note
-------+----------+-------------------------------------------
     0 | D:1      | qw the Gargoyle Fighter began the quest for the Orb.
     0 | D:1      | Reached XP level 1. HP: 14/14 MP: 1/1
     0 | D:1      | 0 ||| qw: Version: 0.3-a-40-ge99b1a8
     0 | D:1      | 0 ||| qw: Game counter: 7
     0 | D:1      | 0 ||| qw: Melee chars always use a shield: true
     0 | D:1      | 0 ||| qw: God list: Okawaru
     0 | D:1      | 0 ||| qw: Allow faded altars: false
     0 | D:1      | 0 ||| qw: Do Orc after clearing Dungeon:15 true
     0 | D:1      | 0 ||| qw: Do second Lair branch before Depths: true
     0 | D:1      | 0 ||| qw: Lair rune preference: random
     0 | D:1      | 0 ||| qw: Goals: Normal, Zot:1-4, Slime:5, God:TSO, Crypt,
                  | Tomb, Abyss, Pan, Hells, Win
     0 | D:1      | 0 ||| PLANNING D:1-11
     1 | D:1      | Found a runed translucent door.
    27 | D:1      | 27 ||| Stepping ~*~*~tactically~*~*~ (stealth).
    32 | D:1      | Reached skill level 2 in Axes
   243 | D:1      | Reached XP level 2. HP: 19/19 MP: 2/2
   319 | D:1      | 319 ||| Stepping ~*~*~tactically~*~*~ (hiding).
   357 | D:1      | 357 ||| Stepping ~*~*~tactically~*~*~ (stealth).
   756 | D:1      | 756 ||| Stepping ~*~*~tactically~*~*~ (stealth).
   757 | D:1      | 757 ||| Stepping ~*~*~tactically~*~*~ (stealth).
   761 | D:1      | 761 ||| Stepping ~*~*~tactically~*~*~ (hiding).
   781 | D:1      | Reached skill level 3 in Axes
   981 | D:1      | 981 ||| UPGRADING to +0 chain mail.
   991 | D:1      | 991 ||| DROPPING +0 scale mail.
   992 | D:1      | 992 ||| READING scroll labelled NEOSHR ADULO.
   993 | D:1      | 993 ||| READING scroll labelled EZIGOI MUEFF.
  1034 | D:2      | Reached XP level 3. HP: 21/23 MP: 3/3
  1034 | D:2      | 1034 ||| Stepping ~*~*~tactically~*~*~ (stealth).
  1035 | D:2      | 1035 ||| Stepping ~*~*~tactically~*~*~ (stealth).
  1048 | D:2      | 1048 ||| Stepping ~*~*~tactically~*~*~ (stealth).
  1078 | D:2      | 1078 ||| DROPPING +0 club.
  1103 | D:2      | 1103 ||| Stepping ~*~*~tactically~*~*~ (stealth).
  1105 | D:2      | 1105 ||| Stepping ~*~*~tactically~*~*~ (stealth).
  1109 | D:2      | 1109 ||| Stepping ~*~*~tactically~*~*~ (stealth).
  1266 | D:2      | Reached XP level 4. HP: 28/28 MP: 4/4
  1308 | D:2      | 1308 ||| Stepping ~*~*~tactically~*~*~ (stealth).
  1312 | D:2      | 1312 ||| Stepping ~*~*~tactically~*~*~ (stealth).
  1504 | D:2      | Reached skill level 4 in Axes
  1582 | D:2      | Found a runed translucent door.
  1583 | D:2      | Noticed Crazy Yiuf
  1758 | D:2      | 1758 ||| UPGRADING to +0 cloak.
  1763 | D:2      | 1763 ||| READING scroll labelled EWOKKO VUESHO.
  1764 | D:2      | 1764 ||| READING scroll labelled MUBAZX LIKKO.
  1819 | D:3      | 1819 ||| Stepping ~*~*~tactically~*~*~ (stealth).
  1822 | D:3      | Noticed Natasha
  1822 | D:3      | Noticed Pargi
  1840 | D:3      | HP: 6/28 [cerulean imp/+1 spear[Natasha] (2)]
  1842 | D:3      | HP: 1/28 [cerulean imp/+1 spear[Natasha] (4)]
  1843 | D:3      | Slain by Pargi

Levels and vault maps discovered:
D:1:      dpeg_arrival_caged_fury, layout_basic, serial_bayou,
          serial_bayou_shore_a, serial_bayou_ford_a, serial_bayou_pond_b,
          serial_bayou_shore_b
D:2:      layout_loops_ring, hangedman_decor_lopped, uniq_crazy_yiuf_cottage
D:3:      layout_rooms, elyvilon_altar_5, mainiacjoe_overflow_24_doors,
          st_stairs_11, guppyfry_early_lair_pool, uniq_natasha, uniq_jessica,
          uniq_pargi

Skill      XL: |  1  2  3  4 |
---------------+-------------+-----
Axes           | 2 3 4 |  4.4
Fighting       | |  3.2
Armour         | |  3.2
Shields        | |  3.2

Action                     |  1- 3 |  4- 6 || total
---------------------------+-------+-------++-------
  Melee: War axe           |    88 |    48 ||   136
  Throw: Boomerang         |     5 |    20 ||    25
    Use: Scroll            |     2 |     2 ||     4
 Armour: Scale mail        |    25 |       ||    25
         Chain mail        |    27 |    94 ||   121
  Dodge: Dodged            |    24 |    53 ||    77
  Block: Buckler           |    19 |    28 ||    47

Table legend:
 A = Non-vault XP
 B = Vault XP
 C = Vault XP percentage of total XP
 D = Non-vault monster count
 E = Vault monster count
 F = Vault count percentage of total count
                 A         B        C        D         E       F
            +---------+---------+-------+---------+---------+-------
      Total |     131 |      22 |  14.4 |      54 |       5 |   8.5
            +---------+---------+-------+---------+---------+-------
        D:1 |      26 |       5 |  16.1 |      12 |       3 |  20.0
        D:2 |      72 |       0 |   0.0 |      27 |       0 |   0.0
        D:3 |      33 |      17 |  34.0 |      15 |       2 |  11.8
            +---------+---------+-------+---------+---------+-------
